 Dungeon Crawl Stone Soup version 0.31.0-11-ge490571c62 (webtiles) character file.

Game seed: 2118699409372012375

41 Esekla the Grasshopper (level 3, -2/19 HPs)
             Began as a Vine Stalker Warper on Jan 30, 2024.
             Killed from afar by an orc wizard (4 damage)
             ... with a magic dart
             ... on level 4 of the Dungeon.
             The game lasted 00:07:05 (804 turns).

Esekla the Grasshopper (Vine Stalker Warper)         Turns: 804, Time: 00:07:05

Health: -2/19      AC:  4    Str: 13    XL:     3   Next: 52%
Magic:  0/7        EV: 11    Int: 15    God:
Gold:   43         SH:  0    Dex: 13    Spells: 3/7 levels left

rFire   . . .        a - +0 falchion
rCold   . . .        (no shield)
rNeg    . . .        b - +0 leather armour
rPois   .            (no helmet)
rElec   .            (no cloak)
rCorr   .            e - +0 pair of gloves
SInv    .            (no boots)
Will    .....        (no amulet)
Stlth   +            (no ring)
HPRegen 1.03/turn    (no ring)
MPRegen 0.10/turn

%: guardian spirit
@: confused
A: fangs 2, regeneration 1, magic shield, antimagic bite, no potion heal 2
a: no special abilities


You were on level 4 of the Dungeon.
You visited 1 branch of the dungeon, and saw 4 of its levels.

You collected 130 gold pieces.
You spent 87 gold pieces at shops.

Inventory:

Hand Weapons
 a - a +0 falchion (weapon)
 i - a +2 dagger of speed
Missiles
 d - 7 darts of dispersal (quivered)
Armour
 b - a +0 leather armour (worn)
 e - a +0 pair of gloves (worn)
 l - a +1 pair of gloves
Jewellery
 k - an amulet of regeneration
Scrolls
 c - a scroll of blinking
 f - 4 scrolls of identify
 g - a scroll of acquirement {unknown}
 h - a scroll of teleportation {unknown}
 j - a scroll of amnesia {unknown}


   Skills:
 * Level 2.5 Fighting
 + Level 1.9 Long Blades
 + Level 0.8 Throwing
 - Level 0.7 Armour
 + Level 1.6 Dodging
 * Level 2.5 Spellcasting
 + Level 3.5 Translocations


You had 3 spell levels left.
You knew the following spells:

 Your Spells              Type           Power      Damage    Failure   Level
b - Blink                 Tloc           24%        N/A       10%         2
e - Searing Ray           Conj           2%         2d4       38%         2

Your spell library contained the following spells:

 Spells                   Type           Power      Damage    Failure   Level
 Lesser Beckoning         Tloc           24%        N/A       10%         2
 Teleport Other           Tloc           12%        N/A       19%         3
 Magic Dart               Conj           4%         1d3       26%         1
 Manifold Assault         Tloc           12%        N/A       52%         4
 Vhi's Electric Charge    Tloc/Air       14%        N/A       78%         4
 Fulminant Prism          Conj/Alch      0%         3d5       95%         4


Dungeon Overview and Level Annotations

Branches:
Dungeon (4/15)
 Temple: D:4-7

Altars:

Shops:
D:3 *


Innate Abilities, Weirdness & Mutations

You have extremely sharp teeth.
Your natural rate of healing is unusually fast.
When hurt, damage is shared between your health and your magic reserves.
Your bite disrupts and absorbs the magic of your enemies.
Potions cannot restore your health.


Message History

You now have 43 gold pieces (gained 8).
A quokka comes into view.
You see here an amulet of regeneration.
k - an amulet of regeneration
Found a pair of embroidered gloves.
An orc wizard and an orc come into view.
The orc is wielding a +2 morningstar of protection.
The orc shouts!
The quokka twitches its whiskers.
An orc wizard comes into view. It is wielding a +0 dagger.
The orc wizard shouts!
An orc priest comes into view. It is wielding a +0 flail.
You see here a +1 pair of gloves.
l - a +1 pair of gloves The orc wizard shouts!
An orc priest comes into view. It is wielding a +0 hand axe.
The orc priest shouts!
The quokka closely misses you.
The orc wizard gestures at you while chanting.
You are confused.
The orc wizard casts a spell.
The orc wizard flickers and vanishes!
Deactivating autopickup; reactivate with Ctrl-A.
You bump into the rock wall.
The quokka closely misses you.
The orc priest looks encouraged for a moment.
The orc priest calls down the wrath of Beogh upon you.
Beogh smites you! The goblin hits you but does no damage.
The quokka closely misses you.
You're too confused to move!
The orc priest mumbles some strange prayers to Beogh against you.
Beogh smites you!
Ouch! That really hurt!
* * * LOW HITPOINT WARNING * * *
The goblin closely misses you. The quokka closely misses you.
You are too confused!
You aren't carrying any potions.
A hound comes into view.
The orc wizard points at you and mumbles some strange words.
The magic dart hits you.
You die...

#.# #.# .# #.# #..
#.# #..!. #.# #.#.#
#.# #.#.#
####.#####h#.###
#.r@...........#
#..g...........#####
#o##...###..........
#o##.............<..
#.###.#####.........
#o# #.# #...####..
#.# #.# #...# .. #{.
... .....# .# #o ###
#...r.. ..


You could see a hound (wandering), an orc wizard, an orc, a quokka and a goblin.

Vanquished Creatures
  2 adders (D:3)
  2 dart slugs (D:3)
  A ribbon worm (D:3)
  2 bats (D:1)
  3 endoplasms
  A hobgoblin (D:1)
  A kobold (D:3)
  2 quokkas
  A ball python (D:1)
  A goblin (D:3)
16 creatures vanquished.

Notes
Turn   | Place    | Note
-------+----------+-------------------------------------------
     0 | D:1      | Esekla the Vine Stalker Warper began the quest for the Orb.
     0 | D:1      | Reached XP level 1. HP: 11/11 MP: 4/4
   108 | D:1      | Reached XP level 2. HP: 15/15 MP: 4/6
   113 | D:1      | Learned a level 2 spell: Blink
   176 | D:1      | Found a faded altar of an unknown god.
   224 | D:1      | You fall into a shaft and drop 1 floor!
   279 | D:3      | Found Caelij's Assorted Antiques.
   285 | D:3      | Bought a scroll labelled LET AWOBLIORPH for 29 gold pieces
   285 | D:3      | Bought a scroll labelled EHORYI SIKKIJ for 29 gold pieces
   285 | D:3      | Bought a scroll labelled UMPEIW VUTHOBBIJA for 29 gold
                  | pieces
   367 | D:3      | Noticed an ogre
   406 | D:3      | HP: 1/24 [poisoned by an adder]
   411 | D:3      | HP: 1/24 [poisoned by an adder]
   472 | D:3      | Reached XP level 3. HP: 15/19 MP: 7/7
   673 | D:3      | Learned a level 2 spell: Searing Ray
   804 | D:4      | Killed from afar by an orc wizard

Illustrated notes

Levels and vault maps discovered:
D:1:      wheals_arrival_shading, layout_loops_ring,
          ebering_ecumenical_altar_hall
D:2:      layout_loops_ring, bh_walls_and_bars
D:3:      layout_basic, serial_shops, shop, nicolae_elevator_lobby_plus
D:4:      layout_loops_ring, nicolae_overflow_hidden_temple,
          minmay_temple_entry_slanted

Skill      XL: |  1  2 |
---------------+-------+-----
Fighting       | 2 |  2.5
Long Blades    | |  1.9
Throwing       | |  0.8
Armour         | |  0.7
Dodging        | |  1.6
Spellcasting   | |  2.5
Translocations | |  3.5

Action                     || total
---------------------------++-------
  Melee: Falchion          ||    56
         Bite              ||    15
    Use: Scroll            ||     1
         Potion            ||     1
 Armour: Leather armour    ||    43
         Skin              ||     1
  Dodge: Dodged            ||    35
